 Dungeon Crawl Stone Soup version 0.17.1-3-g152610e (webtiles) character file.

48 Glider the Stinger (level 3, 0/23 HPs)
             Began as an Octopode Venom Mage on Mar 25, 2016.
             Slain by a gnoll (8 damage)
             ... on level 1 of the Dungeon.
             The game lasted 00:06:10 (2175 turns).

Glider the Stinger (Octopode Venom Mage)            Turns: 2175, Time: 00:06:10

Health: 0/23       AC:  1    Str:  7    XL:     3   Next: 72%
Magic:  3/6        EV: 12    Int: 18    God:
Gold:   83         SH:  0    Dex: 12    Spells: 3 memorised, 0 levels left

rFire  . . .     SeeInvis .     c - +2 dagger (elec)
rCold  . . .     Clarity  .     (no shield)
rNeg   . . .     SustAt   .     (helmet restricted)
rPois  +         Gourm    .     (no amulet)
rElec  .         Spirit   .     d - ring of poison resistance
rCorr  .         Warding  .     (no ring)
rMut   .         Stasis   .     (no ring)
MR     .....                    (no ring)
Stlth  +++.......               (no ring)
                                (no ring)
                                (no ring)
                                (no ring)

@: not resistant to hostile enchantments, fairly stealthy
A: almost no armour, amphibious, 8 rings, constrict 8, camouflage 1, gelatinous
body 1
a: no special abilities


You were on level 1 of the Dungeon.
You were not hungry.

You visited 1 branch of the dungeon, and saw 2 of its levels.

You collected 83 gold pieces.

Inventory:

Hand Weapons
 c - a +2 dagger of electrocution (weapon)
Missiles
 h - 26 stones (quivered)
Jewellery
 d - a ring of poison resistance (left tentacle)
Scrolls
 e - a scroll of enchant weapon {unknown}
 g - a scroll of identify {unknown}
Potions
 j - a potion of lignification {unknown}
Books
 a - a Young Poisoner's Handbook

   Spells                             Type                      Level
   a - Sting                          Conjuration/Poison           1
   b - Cure Poison                    Poison                       2
   c - Mephitic Cloud                 Conjuration/Poison/Air       3
   d - Olgreb's Toxic Radiance        Poison                       4
   e - Venom Bolt                     Conjuration/Poison           5
Comestibles
 b - a bread ration
 f - 2 chunks of flesh


   Skills:
 + Level 1.6 Fighting
 - Level 2.0 Dodging
 + Level 3.4 Stealth
 + Level 2.2 Spellcasting
 * Level 1.0 Conjurations
 * Level 0.8 Air Magic
 - Level 5.0 Poison Magic


You couldn't memorise any spells.
You knew the following spells:

 Your Spells              Type           Power        Failure   Level  Hunger
a - Sting                 Conj/Pois      ##..         6%          1    #......
b - Cure Poison           Pois           ###.......   3%          2    ##.....
c - Mephitic Cloud        Conj/Pois/Air  ##......     24%         3    ###....


Dungeon Overview and Level Annotations

Branches:
Dungeon (2/15)

Altars:


Innate Abilities, Weirdness & Mutations

You cannot wear most types of armour.
You are amphibious.
You can wear up to eight rings at the same time.
You can use your tentacles to constrict eight enemies at once.
Your skin changes colour to match your surroundings (Stealth).
Your rubbery body absorbs attacks (AC +1).


Message History

You feel better. The gnoll hits you. The gnoll misses you.
Casting: Sting
Confirm with . or Enter, or press ? or * to list all spells.
Aiming: Sting
Press: ? - help, Shift-Dir - straight line, f - gnoll
Aim: a gnoll (moderately wounded)
The sting hits the gnoll.
The gnoll appears unharmed.
The gnoll is moderately wounded.
The gnoll closely misses you. The gnoll closely misses you.
Casting: Sting
Confirm with . or Enter, or press ? or * to list all spells.
Aiming: Sting
Press: ? - help, Shift-Dir - straight line, f/p - gnoll
Aim: a gnoll (moderately wounded)
The sting hits the gnoll.
The gnoll is poisoned.
The gnoll is severely wounded.
The gnoll hits you!
You die...

# #...########.#.# #.#
###.#.# #.#.# #.#
....#.# #.#.# #.#
#####.##### #.#.# #.#
)........># #.#.# #.#
#..##.###.# #.#.####.#
##'##.# #.# #.#....#.#
##.##.# #.####.###.##.##
##'##.# #......g@......#
##.##.########.###.#####
##'##..........# #.#
#...#####.###### #.#
'.<.'.'.'.# #.#
#...####### #.# ##'##
#.# #.# #.# #'# #.#


You could see a gnoll.

Vanquished Creatures
  A gnoll (D:2)
  5 orcs (D:1)
  A ball python (D:1)
  3 bats (D:1)
  3 goblins (D:1)
  4 hobgoblins (D:1)
  4 jackals (D:1)
  2 giant newts (D:1)
  3 kobolds (D:1)
  2 rats (D:1)
28 creatures vanquished.

Notes
Turn   | Place    | Note
--------------------------------------------------------------
     0 | D:1      | Glider the Octopode Venom Mage began the quest for the Orb.
     0 | D:1      | Reached XP level 1. HP: 11/11 MP: 3/3
   319 | D:1      | Reached skill level 5 in Poison Magic
   516 | D:1      | Reached XP level 2. HP: 15/18 MP: 1/5
   527 | D:1      | Reached skill level 1 in Fighting
  1276 | D:1      | Reached XP level 3. HP: 23/23 MP: 6/6
  1691 | D:1      | Learned a level 2 spell: Cure Poison
  1695 | D:1      | Learned a level 3 spell: Mephitic Cloud
  2123 | D:2      | Reached skill level 1 in Conjurations
  2175 | D:1      | Slain by a gnoll

Action                   || total
-------------------------++-------
Melee: Unarmed           ||    27
       Hand axe          ||    13
       Dagger            ||     7
 Cast: Sting             ||    27
  Use: Potion            ||     2
       Scroll            ||     1
 Stab: Sleeping          ||     5
       Distracted        ||     1
  Eat: Chunk             ||     4
